 Dungeon Sprint DCSS version 0.21-a0-272-g984ae92 (webtiles) character file.

2924 potatolord6000 the Spear-Bearer (level 9, 0/81 HPs)
             Began as a Merfolk Gladiator on Sept 15, 2017.
             Was an Elder of Okawaru.
             Succumbed to a merfolk javelineer's poison
             ... in the Dungeon (Sprint VII: "The Pits").
             The game lasted 00:05:54 (1632 turns).

potatolord6000 the Spear-Bearer (Merfolk Gladiator) Turns: 1632, Time: 00:05:56

Health: 0/81       AC: 13    Str: 16    XL:     9   Next: 79%
Magic:  16/17      EV: 23    Int: 13    God:    Okawaru [****..]
Gold:   0          SH:  0    Dex: 17    Spells: 8/8 levels left

rFire    . . .     SeeInvis .   d - +2 halberd (venom)
rCold    . . .     Gourm    .   (shield currently unavailable)
rNeg     . . .     Faith    .   v - +5 ring mail
rPois    .         Spirit   .   c - +0 helmet
rElec    .         Reflect  .   (no cloak)
rCorr    .         Harm     .   (no gloves)
MR       .....     NoTele   +   u - +0 pair of boots
Stlth    ++++++....             (no amulet)
HPRegen  0.23/turn              h - +3 ring of intelligence
MPRegen  0.15/turn              q - +3 ring of intelligence

@: lethally poisoned (0 -> -9), heroism
A: change form in water, swift swim, stealthy swim
a: Heroism, Renounce Religion


You were in the Dungeon.
You worshipped Okawaru.
Okawaru was greatly pleased with you.
You were very full.

You visited 1 branch

Inventory:

Hand Weapons
 d - a +2 halberd of venom (weapon)
Armour
 c - a +0 helmet (worn)
 u - a +0 pair of boots (worn)
 v - a +5 ring mail (worn)
Jewellery
 h - a +3 ring of intelligence (left hand)
 q - a +3 ring of intelligence (right hand)
Scrolls
 k - a scroll of blinking
 l - 3 scrolls of remove curse
 m - 5 scrolls of amnesia
 n - a scroll of summoning
Potions
 a - a potion of invisibility
 e - 9 potions of heal wounds
 g - 5 potions of curing
 i - 4 potions of magic
 j - 3 potions of berserk rage
 r - a potion of resistance
 s - 3 potions of brilliance
 t - a potion of agility
Comestibles
 f - 8 bread rations
 o - 40 fruits
 p - 5 meat rations


   Skills:
 + Level 11.0(16.0) Fighting
 + Level 14.2(19.2) Polearms
 - Level 2.0(7.0) Throwing
 + Level 13.1(18.1) Dodging
 + Level 11.7(16.7) Stealth
 + Level 10.8 Invocations


You had 8 spell levels left.
You didn't know any spells.

Dungeon Overview and Level Annotations

Branches:
Dungeon (1/1)

Altars:
Ashenzari
Cheibriados
Dithmenos
Elyvilon
Fedhas
Gozag
Hepliaklqana
Kikubaaqudgha
Makhleb
Nemelex Xobeh
Okawaru
Qazlal
Ru
Sif Muna
Trog
Uskayaw
Vehumet
Wu Jian
Xom
Yredelemnul
Zin
The Shining One
Beogh
Jiyva
Lugonu


Message History

* * * LOW HITPOINT WARNING * * *
You feel sick. The merfolk completely misses you.
Attack whom?
Press: ? - help, Dir - move target cursor, f/p - merfolk javelineer
Aim: a merfolk javelineer, wielding a spear and wearing a leather armour (almost dead, poisoned)
You reach to attack!
You puncture the merfolk javelineer!
You kill the merfolk javelineer!
Okawaru is honoured by your kill.
Your base Fighting skill increases to level 11!
Your base Polearms skill increases to level 14!
Your base Dodging skill increases to level 13!
Your base Stealth skill increases to level 11!
* * * LOW HITPOINT WARNING * * *
You feel sick. The merfolk closely misses you.
Attack whom?
Press: ? - help, Dir - move target cursor, f - merfolk
Aim: a merfolk, wielding a trident You reach to attack!
You puncture the merfolk!
The merfolk is poisoned.
The merfolk is lightly wounded.
You die...

))#####'#####''######
))##.......##''##### #
))##.......##†)....+ .+
..##.......##......+..+
'###...<...##.....##..##
..##.......##...###....#
..##.......##..##......
####.......##('#.)m#..#.
..###########(.(@.).....
.############++#...#..#.
.#....#..[[##.Y##......
÷#....#...[##..k ##....#
)†)...'..))##.W. #..##
'#....#..))###YY. ..+
.#....#..))# ###Y .+
############ ## #


You could see a merfolk.

Vanquished Creatures
  A merfolk javelineer (D)
  A merfolk siren (D)
  A merfolk (D)
  A hornet (D)
  A spriggan (D)
  A basilisk (D)
  Grum (D)
  A floating eye (D)
  A sky beast (D)
  A phantom (D)
  A centaur (D)
  A bullfrog (D)
  2 gnoll sergeants (D)
  A crimson imp (D)
  A quasit (D)
  A hound (D)
  An orc priest (D)
  3 orc wizards (D)
  2 worker ants (D)
  8 gnolls (D)
  A river rat (D)
  An adder zombie (D)
  A leopard gecko (D)
  5 orcs (D)
  A hobgoblin (D)
  7 jackals (D)
  2 quokkas (D)
  2 ball pythons (D)
  A giant cockroach zombie (D)
  A quokka skeleton (D)
53 creatures vanquished.

Notes
Turn   | Place    | Note
-------+----------+-------------------------------------------
     0 | D        | potatolord6000 the Merfolk Gladiator began the quest for the Orb.
     0 | D        | Reached XP level 1. HP: 16/16 MP: 1/1
    57 | D        | Found a bloodstained altar of Trog.
    57 | D        | Found a deep blue altar of Sif Muna.
    57 | D        | Found a viscous altar of Jiyva.
    57 | D        | Found a hazy altar of Hepliaklqana.
    57 | D        | Found an opulent altar of Gozag.
    58 | D        | Found a glowing golden altar of the Shining One.
    58 | D        | Found a glowing silver altar of Zin.
    58 | D        | Found a basalt altar of Yredelemnul.
    58 | D        | Found a shimmering altar of Xom.
    58 | D        | Found an ornate altar of the Wu Jian Council.
    58 | D        | Found a sacrificial altar of Ru.
    58 | D        | Found a stormy altar of Qazlal.
    58 | D        | Found an iron altar of Okawaru.
    58 | D        | Found a sparkling altar of Nemelex Xobeh.
    58 | D        | Found a burning altar of Makhleb.
    58 | D        | Found a blossoming altar of Fedhas.
    58 | D        | Found a white marble altar of Elyvilon.
    58 | D        | Found a shadowy altar of Dithmenos.
    58 | D        | Found a snail-covered altar of Cheibriados.
    60 | D        | Found a radiant altar of Vehumet.
    60 | D        | Found a corrupted altar of Lugonu.
    60 | D        | Found a roughly hewn altar of Beogh.
    62 | D        | Found an ancient bone altar of Kikubaaqudgha.
    62 | D        | Found a hide-covered altar of Uskayaw.
    62 | D        | Found a shattered altar of Ashenzari.
    66 | D        | Became a worshipper of Warmaster Okawaru
    84 | D        | Reached skill level 5 in Polearms
    84 | D        | Reached skill level 1 in Stealth
    88 | D        | Reached skill level 1 in Invocations
    91 | D        | Reached XP level 2. HP: 14/23 MP: 2/2
   330 | D        | Reached skill level 6 in Polearms
   330 | D        | Reached skill level 5 in Dodging
   330 | D        | Reached XP level 3. HP: 20/30 MP: 2/4
   458 | D        | Reached XP level 4. HP: 37/37 MP: 6/6
   471 | D        | Reached skill level 7 in Polearms
   473 | D        | Noticed a gnoll sergeant
   492 | D        | Killed a gnoll sergeant
   492 | D        | Reached skill level 5 in Fighting
   492 | D        | Reached skill level 8 in Polearms
   492 | D        | Reached skill level 5 in Stealth
   492 | D        | Reached XP level 5. HP: 19/44 MP: 6/8
   803 | D        | Reached skill level 5 in Invocations
   819 | D        | Reached * piety under Okawaru
   819 | D        | Reached skill level 9 in Polearms
   819 | D        | Reached XP level 6. HP: 40/52 MP: 8/10
   864 | D        | Reached skill level 10 in Polearms
   890 | D        | Reached XP level 7. HP: 17/60 MP: 10/12
  1105 | D        | Noticed Grum
  1113 | D        | Killed Grum
  1122 | D        | Reached skill level 10 in Dodging
  1142 | D        | Reached skill level 11 in Polearms
  1145 | D        | Reached ** piety under Okawaru
  1260 | D        | Noticed a hornet
  1260 | D        | Noticed a merfolk siren
  1272 | D        | Paralysed by a hornet for 1 turns
  1275 | D        | Killed a merfolk siren
  1275 | D        | Reached skill level 12 in Polearms
  1275 | D        | Reached XP level 8. HP: 49/71 MP: 12/14
  1278 | D        | Killed a hornet
  1278 | D        | Reached *** piety under Okawaru
  1278 | D        | Reached skill level 10 in Stealth
  1480 | D        | Noticed a spriggan
  1492 | D        | Killed a spriggan
  1581 | D        | Noticed a merfolk
  1599 | D        | Reached skill level 10 in Fighting
  1599 | D        | Reached skill level 13 in Polearms
  1599 | D        | Reached XP level 9. HP: 77/78 MP: 16/16
  1606 | D        | Noticed a merfolk javelineer
  1607 | D        | Noticed a merfolk
  1621 | D        | Killed a merfolk
  1621 | D        | Reached skill level 10 in Invocations
  1629 | D        | HP: 2/79 [merfolk javelineer/spear (3)]
  1631 | D        | Killed a merfolk javelineer
  1631 | D        | Reached **** piety under Okawaru
  1631 | D        | Reached skill level 14 in Polearms
  1632 | D        | Succumbed to a merfolk javelineer's poison

Vault maps used:
D:        pitsprint

Skill      XL: |  1  2  3  4  5  6  7  8  9 |
---------------+----------------------------+-----
Polearms       | 5 6 8 9 10 12 13 14 | 14.2
Stealth        | 1 2 3 5 6 7 9 10 11 | 11.7
Invocations    | 1 2 3 4 5 6 8 9 10 | 10.8
Fighting       | 3 4 5 6 7 9 10 11 | 11.0
Dodging        | 5 6 7 8 9 11 12 13 | 13.1
Throwing       | |  2.0

Action                   |  1- 3 |  4- 6 |  7- 9 || total
-------------------------+-------+-------+-------++-------
Melee: Trident           |    37 |    99 |     8 ||   144
       Halberd           |       |       |    82 ||    82
Invok: Heroism           |       |     1 |     2 ||     3
  Use: Potion            |     3 |     3 |     1 ||     7
 Stab: Sleeping          |     1 |     2 |     3 ||     6
       Invisible         |       |    10 |       ||    10
  Eat: Meat ration       |       |       |     2 ||     2
Armor: Leather armour    |     2 |       |       ||     2
       Ring mail         |       |     9 |    25 ||    34
Dodge: Dodged            |    29 |    79 |    67 ||   175

Table legend:
 A = Spawn XP
 B = Non-spawn XP
 C = Spawn XP percentage of total XP
 D = Spawn monster count
 E = Non-spawn monster count
 F = Spawn count percentage of total count
 G = Total turns spent on level
                    A         B        C        D         E        F      G
               +---------+---------+-------+---------+---------+-------+---------
         Total |       0 |    4178 |   0.0 |       0 |      53 |   0.0 |  1632
               +---------+---------+-------+---------+---------+-------+---------
             D |       0 |    4178 |   0.0 |       0 |      53 |   0.0 |  1632
               +---------+---------+-------+---------+---------+-------+---------
